Islanders vs Blackhawks
Created - October 22, 2020 at 19:18
Goals
|
| Islanders |
0 |
1 |
0 |
1 |
| Blackhawks |
1 |
2 |
2 |
5 |
|
Shots
|
| Islanders |
13 |
11 |
5 |
29 |
| Blackhawks |
7 |
10 |
13 |
30 |
|
1st period
1. Blackhawks , Derick Brassard 1 (Chris Kreider 2) at 10:25
Penalties :
No Penalty
2nd period
2. Blackhawks , Derick Brassard 2 (Chris Kreider 3) at 0:52
3. Blackhawks , Antoine Roussel 1 (Cody Hodgson 1, Brad Boyes 1) at 2:29 (PP)
4. Islanders , Evander Kane 2 (Justin Falk 1) at 18:19 (SH)
Penalties :
Joe Thornton (NYI) for Hooking (Minor) at 0:55, Rick Nash (Chi) for Roughing (Minor) at 5:07, Zac Rinaldo (NYI) for Roughing (Minor) at 7:24, Rick Nash (Chi) for Tripping (Minor) at 11:40, Joe Thornton (NYI) for Slashing (Minor) at 12:42, Joe Thornton (NYI) for Tripping (Minor) at 17:27, T.J. Fast (NYI) for Hooking (Minor) at 19:53
3rd period
5. Blackhawks , Derick Brassard 3 (Chris Kreider 4, John Carlson 1) at 8:02 (PP)
6. Blackhawks , Chris Kreider 2 (Derick Brassard 2, John Carlson 2) at 9:03 (PP)
Penalties :
Brad Boyes (Chi) for Hooking (Minor) at 0:42, Fedor Tyutin (NYI) for Holding Stick (Minor) at 7:45, Tomas Fleischmann (NYI) for Roughing (Minor) at 8:46, Evander Kane (NYI) for High sticking (Minor) at 10:06, Rick Nash (Chi) for Hooking (Minor) at 13:02
Goalie Stats
Jonathan Quick (NYI), 17 saves from 22 shots - (0.773), L, 0-2-0, 49:03 minutes
Julien Ellis (NYI), 8 saves from 8 shots - (1.000), 10:57 minutes
Jonas Gustavsson (Chi), 28 saves from 29 shots - (0.966), W, 1-1-0, 60:00 minutes
Players Stats for Islanders
Player Name G A P +/- PIM S H SB GA TA FO MP PP MP PK MP
------------------------------------------------------------------------------------
Adam Pineault 0 0 0 0 0 0 0 1 1 0 0/0 7:18 0:00 0:00
David Legwand 0 0 0 0 0 2 4 2 0 0 7/14 18:08 3:05 3:20
Dustin Byfuglien 0 0 0 0 0 0 1 1 0 0 0/0 13:56 0:00 3:28
Evander Kane 1 0 1 -1 2 2 1 0 2 1 1/3 23:36 2:44 5:19
Fedor Tyutin 0 0 0 0 2 0 2 1 0 0 0/0 20:00 3:40 0:54
Jay Bouwmeester 0 0 0 -2 0 1 3 0 0 0 0/0 20:42 2:09 0:00
Jiri Hudler 0 0 0 0 0 0 1 0 0 0 0/1 8:38 0:00 0:00
Joe Thornton 0 0 0 -2 6 0 0 0 0 0 14/30 18:39 2:42 0:36
Justin Falk 0 1 1 1 0 1 1 0 0 1 0/0 16:38 0:20 5:49
Maxim Talbot 0 0 0 0 0 4 0 1 1 0 2/6 10:46 0:01 1:23
Mike Brown 0 0 0 0 0 3 0 0 0 0 0/0 14:53 3:05 0:00
R.J. Umberger 0 0 0 0 0 3 0 1 0 0 0/0 12:59 3:05 1:15
Ryan Ellis 0 0 0 -1 0 3 1 0 0 1 0/0 27:40 3:20 5:49
T.J. Fast 0 0 0 0 2 0 1 1 0 1 0/0 21:03 2:10 3:52
Tomas Fleischmann 0 0 0 0 2 4 2 0 0 0 0/0 11:40 0:00 0:09
Tomas Plekanec 0 0 0 0 0 1 1 0 0 0 0/1 7:18 0:00 0:00
Vladimir Tarasenko 0 0 0 -1 0 4 1 0 1 0 8/14 25:14 2:43 6:27
Zac Rinaldo 0 0 0 0 2 1 0 0 0 0 0/0 8:41 0:00 1:23
Players Stats for Blackhawks
Player Name G A P +/- PIM S H SB GA TA FO MP PP MP PK MP
------------------------------------------------------------------------------------
Alexander Wennberg 0 0 0 0 0 0 0 0 0 0 2/3 6:15 0:00 0:00
Antoine Roussel 1 0 1 0 0 4 1 1 0 0 0/1 20:30 4:22 3:15
Brad Boyes 0 1 1 0 2 1 1 0 1 0 1/1 15:37 4:28 0:00
Chris Kreider 1 3 4 1 0 5 1 0 1 0 5/7 24:47 4:58 3:15
Cody Hodgson 0 1 1 0 0 1 1 1 1 0 2/12 15:37 4:29 0:00
Derick Brassard 3 1 4 1 0 11 2 0 0 0 22/39 22:05 5:13 2:12
Dougie Hamilton 0 0 0 -1 0 3 2 2 0 0 0/0 21:21 3:56 2:15
Gabriel Bourque 0 0 0 0 0 1 4 0 0 0 0/0 8:10 0:00 1:05
Garnet Hathaway 0 0 0 0 0 0 1 0 0 0 0/0 6:15 0:00 0:00
John Carlson 0 2 2 2 0 1 3 1 1 2 0/0 28:29 6:00 3:34
Matthew Spiller 0 0 0 0 0 0 1 1 0 1 0/0 10:10 0:00 0:00
Nathan Horton 0 0 0 0 0 0 0 0 0 0 1/1 9:38 0:00 0:00
Nick Leddy 0 0 0 0 0 0 1 1 0 0 0/0 10:10 0:00 0:00
Patrick Marleau 0 0 0 0 0 1 1 0 0 0 0/0 11:10 0:00 1:34
Rick Nash 0 0 0 1 6 0 2 0 0 0 2/2 21:16 5:27 0:17
Seth Jones 0 0 0 -1 0 0 0 2 0 1 0/0 21:21 3:56 2:15
Shea Weber 0 0 0 2 0 0 1 2 0 0 0/0 28:29 6:00 3:34
Tim Connolly 0 0 0 0 0 2 0 0 0 1 2/3 10:40 0:50 0:00
3 Stars
1 - Derick Brassard (Chi)
2 - Chris Kreider (Chi)
3 - John Carlson (Chi)
Power Play
Islanders - 0 on 4 Attempt(s) - 0.00%
Blackhawks - 3 on 8 Attempt(s) - 37.50%
Penalty Kill
Islanders - 5 on 8 Attempt(s) - 62.50%
- Score 1 goal in Penalty Kill
Blackhawks - 4 on 4 Attempt(s) - 100.00%
- Score 0 goal in Penalty Kill
Team Stat
Islanders - Hits : 19 - Faceoff Wins : 32 - Blocked Shots : 8 - Penalty Minutes : 16
Blackhawks - Hits : 22 - Faceoff Wins : 37 - Blocked Shots : 11 - Penalty Minutes : 8
Official
Referees : Unknown
Linesman : Unknown
Game Notes
Derick Brassard has scored a Hat Trick!
Julien Ellis enters game at 9:03 of 3rd period
Finance
Level 1 -- Attendance: 5885 (98.08%) -- Ticket Income $570,845
Level 2 -- Attendance: 4462 (89.24%) -- Ticket Income $290,030
Level 3 -- Attendance: 1945 (97.25%) -- Ticket Income $77,800
Level 4 -- Attendance: 3912 (97.80%) -- Ticket Income $97,800
Luxury Box -- Attendance: 943 (94.30%) -- Ticket Income $169,740
Game was played at the Rexall Place.
Total Attendance: 17147 (95.26%)
Total Ticket Income: $1,206,215
Other Income: $180,932
Total Income: $1,387,147
Islanders
5 vs 5 Forward
Center Left Wing Right Wing Time % Phy DF OF
1 Joe Thornton Evander Kane Vladimir Tarasenko 40 1 2 2
2 David Legwand Tomas Fleischmann Mike Brown 30 1 2 2
3 Maxim Talbot R.J. Umberger Jiri Hudler 20 1 2 2
4 Tomas Plekanec Zac Rinaldo Adam Pineault 10 1 2 2
5 vs 5 Defense
Defense Defense Time % Phy DF OF
1 Ryan Ellis Jay Bouwmeester 43 1 2 2
2 Fedor Tyutin T.J. Fast 32 1 2 2
3 Dustin Byfuglien Justin Falk 25 1 2 2
4 Ryan Ellis Fedor Tyutin 0 1 2 2
PowerPlay Forward
Center Left Wing Right Wing Time % Phy DF OF
1 Joe Thornton Evander Kane Vladimir Tarasenko 60 1 2 2
2 David Legwand R.J. Umberger Mike Brown 40 1 2 2
PowerPlay Defense
Defense Defense Time % Phy DF OF
1 Ryan Ellis Fedor Tyutin 60 1 2 2
2 Jay Bouwmeester T.J. Fast 40 1 2 2
Penalty Kill 4 Players Forward
Center Wing Time % Phy DF OF
1 Vladimir Tarasenko Evander Kane 60 1 2 2
2 Joe Thornton David Legwand 40 1 2 2
Penalty Kill 4 Players Defense
Defense Defense Time % Phy DF OF
1 Ryan Ellis Justin Falk 60 1 2 2
2 Dustin Byfuglien T.J. Fast 40 1 2 2
Penalty Kill - 3 Players Forward
Forward Time % Phy DF OF
1 Joe Thornton 60 1 2 2
2 David Legwand 40 1 2 2
Penalty Kill - 3 Players Defense
Defense Defense Time % Phy DF OF
1 Ryan Ellis Justin Falk 60 1 2 2
2 Jay Bouwmeester T.J. Fast 40 1 2 2
4 vs 4 Forward
Center Wing Time % Phy DF OF
1 Joe Thornton Vladimir Tarasenko 60 1 2 2
2 David Legwand Evander Kane 40 1 2 2
4 vs 4 Defense
Defense Defense Time % Phy DF OF
1 Ryan Ellis Jay Bouwmeester 60 1 2 2
2 Fedor Tyutin T.J. Fast 40 1 2 2
Last Minutes Offensive
Center Left Wing Right Wing Defense Defense
Joe Thornton Evander Kane Vladimir Tarasenko Ryan Ellis Fedor Tyutin
Last Minutes Defensive
Center Left Wing Right Wing Defense Defense
Joe Thornton Evander Kane Vladimir Tarasenko Ryan Ellis Fedor Tyutin
Goaltenders
Starting : Jonathan Quick
Backup : Julien Ellis
Extra Forwards
Normal : Evander Kane, Maxim Talbot, Mike Brown - PP : Evander Kane, Zac Rinaldo - PK : Evander Kane
Extra Defensemen
Normal : Ryan Ellis, Justin Falk, Jay Bouwmeester - PP : Ryan Ellis - PK : Justin Falk, T.J. Fast
Penalty Shots
Evander Kane, Vladimir Tarasenko, Maxim Talbot, Dustin Byfuglien, Joe Thornton
Scratches
Carl Klingberg (Healthy)
Blackhawks
5 vs 5 Forward
Center Left Wing Right Wing Time % Phy DF OF
1 Derick Brassard Chris Kreider Rick Nash 40 1 2 2
2 Cody Hodgson Antoine Roussel Brad Boyes 30 1 2 2
3 Tim Connolly Patrick Marleau Nathan Horton 20 1 2 2
4 Alexander Wennberg Gabriel Bourque Garnet Hathaway 10 1 2 2
5 vs 5 Defense
Defense Defense Time % Phy DF OF
1 John Carlson Shea Weber 40 1 2 2
2 Seth Jones Dougie Hamilton 30 1 2 2
3 Matthew Spiller Nick Leddy 20 1 2 2
4 John Carlson Shea Weber 10 1 2 2
PowerPlay Forward
Center Left Wing Right Wing Time % Phy DF OF
1 Derick Brassard Chris Kreider Rick Nash 60 1 2 2
2 Cody Hodgson Antoine Roussel Brad Boyes 40 1 2 2
PowerPlay Defense
Defense Defense Time % Phy DF OF
1 John Carlson Shea Weber 60 1 2 2
2 Seth Jones Dougie Hamilton 40 1 2 2
Penalty Kill 4 Players Forward
Center Wing Time % Phy DF OF
1 Chris Kreider Antoine Roussel 60 1 2 2
2 Derick Brassard Rick Nash 40 1 2 2
Penalty Kill 4 Players Defense
Defense Defense Time % Phy DF OF
1 John Carlson Shea Weber 60 1 2 2
2 Seth Jones Dougie Hamilton 40 1 2 2
Penalty Kill - 3 Players Forward
Forward Time % Phy DF OF
1 Chris Kreider 60 1 2 2
2 Antoine Roussel 40 1 2 2
Penalty Kill - 3 Players Defense
Defense Defense Time % Phy DF OF
1 John Carlson Shea Weber 60 1 2 2
2 Seth Jones Dougie Hamilton 40 1 2 2
4 vs 4 Forward
Center Wing Time % Phy DF OF
1 Chris Kreider Antoine Roussel 60 1 2 2
2 Derick Brassard Rick Nash 40 1 2 2
4 vs 4 Defense
Defense Defense Time % Phy DF OF
1 John Carlson Shea Weber 60 1 2 2
2 Seth Jones Dougie Hamilton 40 1 2 2
Last Minutes Offensive
Center Left Wing Right Wing Defense Defense
Derick Brassard Chris Kreider Rick Nash John Carlson Shea Weber
Last Minutes Defensive
Center Left Wing Right Wing Defense Defense
Derick Brassard Chris Kreider Rick Nash John Carlson Shea Weber
Goaltenders
Starting : Jonas Gustavsson
Backup : Pekka Rinne
Extra Forwards
Normal : Tim Connolly, Nathan Horton, Patrick Marleau - PP : Tim Connolly, Nathan Horton - PK : Patrick Marleau
Extra Defensemen
Normal : Matthew Spiller, Nick Leddy, Seth Jones - PP : Matthew Spiller - PK : Nick Leddy, Seth Jones
Penalty Shots
Chris Kreider, Antoine Roussel, Derick Brassard, Rick Nash, Cody Hodgson
Scratches
None
% Time on Ice - Islanders
Lines # - Real PCT - Wanted PCT - Time Play
Normal Forward
1 - 35% - 40% - 14:41
2 - 27% - 30% - 11:31
3 - 20% - 20% - 8:38
4 - 17% - 10% - 7:18
Normal Defense
1 - 40% - 43% - 16:50
2 - 35% - 32% - 14:54
3 - 24% - 25% - 10:00
4 - 1% - 0% - 0:24
PP Forward
1 - 47% - 60% - 2:44
2 - 53% - 40% - 3:05
PP Defense
1 - 57% - 60% - 3:20
2 - 43% - 40% - 2:29
PK Forward
1 - 82% - 60% - 8:06
2 - 18% - 40% - 1:50
PK Defense
1 - 59% - 60% - 5:49
2 - 41% - 40% - 4:07
PK3 Forward
1 - 0% - 60%
2 - 0% - 40%
PK3 Defense
1 - 0% - 60%
2 - 0% - 40%
44 Forward
1 - 91% - 60% - 1:56
2 - 9% - 40% - 0:11
44 Defense
1 - 73% - 60% - 1:33
2 - 27% - 40% - 0:34
Last Minute Offensive - 0:00
Last Minute Defensive - 0:00
Total
Forward - 60:00
Defense - 60:00
|
% Time on Ice - Blackhawks
Lines # - Real PCT - Wanted PCT - Time Play
Normal Forward
1 - 37% - 40% - 15:27
2 - 26% - 30% - 11:08
3 - 22% - 20% - 9:18
4 - 15% - 10% - 6:15
Normal Defense
1 - 37% - 40% - 15:36
2 - 34% - 30% - 14:23
3 - 24% - 20% - 10:10
4 - 5% - 10% - 1:59
PP Forward
1 - 55% - 60% - 5:27
2 - 45% - 40% - 4:29
PP Defense
1 - 60% - 60% - 6:00
2 - 40% - 40% - 3:56
PK Forward
1 - 69% - 60% - 4:00
2 - 31% - 40% - 1:49
PK Defense
1 - 61% - 60% - 3:34
2 - 39% - 40% - 2:15
PK3 Forward
1 - 0% - 60%
2 - 0% - 40%
PK3 Defense
1 - 0% - 60%
2 - 0% - 40%
44 Forward
1 - 83% - 60% - 1:46
2 - 17% - 40% - 0:21
44 Defense
1 - 63% - 60% - 1:20
2 - 37% - 40% - 0:47
Last Minute Offensive - 0:00
Last Minute Defensive - 0:00
Total
Forward - 60:00
Defense - 60:00
|
Play-by-Play
1st period
0:01 of 1st period - Derick Brassard wins face-off versus Joe Thornton in neutral zone.
0:28 of 1st period - Off-side.
0:29 of 1st period - David Legwand wins face-off versus Cody Hodgson in neutral zone.
1:00 of 1st period - Off-side.
1:01 of 1st period - Alexander Wennberg wins face-off versus Maxim Talbot in neutral zone.
1:49 of 1st period - Snap shot by Adam Pineault.
1:49 of 1st period - Shot Misses the Net.
1:51 of 1st period - Slapshot by Justin Falk.
1:51 of 1st period - Deflect By Tomas Plekanec.
1:51 of 1st period - Stopped by Jonas Gustavsson with a rebound.
2:19 of 1st period - Snap shot by David Legwand.
2:19 of 1st period - Shot Misses the Net.
2:37 of 1st period - Snap shot by Cody Hodgson.
2:37 of 1st period - Stopped by Jonathan Quick with a rebound.
3:17 of 1st period - Snap shot by Garnet Hathaway.
3:17 of 1st period - Shot Blocked by Adam Pineault.
3:37 of 1st period - Antoine Roussel is hit by Fedor Tyutin and loses puck.
3:54 of 1st period - Snap shot by R.J. Umberger.
3:54 of 1st period - Stopped by Jonas Gustavsson without a rebound.
3:55 of 1st period - Maxim Talbot wins face-off versus Derick Brassard in Blackhawks zone.
4:00 of 1st period - Snap shot by Maxim Talbot.
4:00 of 1st period - Shot Blocked by Nick Leddy.
4:34 of 1st period - Snap shot by Vladimir Tarasenko.
4:34 of 1st period - Shot Hit the Post.
5:30 of 1st period - Snap shot by R.J. Umberger.
5:30 of 1st period - Stopped by Jonas Gustavsson with a rebound.
6:29 of 1st period - Off-side.
6:30 of 1st period - Derick Brassard wins face-off versus Joe Thornton in neutral zone.
6:35 of 1st period - Wrist shot by Derick Brassard.
6:35 of 1st period - Stopped by Jonathan Quick without a rebound.
6:36 of 1st period - Joe Thornton wins face-off versus Derick Brassard in Islanders zone.
6:45 of 1st period - Wrist shot by Vladimir Tarasenko.
6:45 of 1st period - Shot Hit the Post.
7:03 of 1st period - Dougie Hamilton is hit by Jay Bouwmeester and loses puck.
7:48 of 1st period - Snap shot by Tomas Plekanec.
7:48 of 1st period - Shot Blocked by Shea Weber.
8:15 of 1st period - Slapshot by Vladimir Tarasenko.
8:15 of 1st period - Stopped by Jonas Gustavsson without a rebound.
8:16 of 1st period - David Legwand wins face-off versus Cody Hodgson in Blackhawks zone.
8:48 of 1st period - Wrist shot by Derick Brassard.
8:48 of 1st period - Shot Misses the Net.
8:50 of 1st period - Slapshot by Rick Nash.
8:50 of 1st period - Shot Hit the Post.
9:19 of 1st period - Snap shot by Maxim Talbot.
9:19 of 1st period - Stopped by Jonas Gustavsson without a rebound.
9:20 of 1st period - David Legwand wins face-off versus Cody Hodgson in Blackhawks zone.
9:27 of 1st period - Wrist shot by David Legwand.
9:27 of 1st period - Stopped by Jonas Gustavsson with a rebound.
9:29 of 1st period - Backhand shot by Mike Brown.
9:29 of 1st period - Stopped by Jonas Gustavsson with a rebound.
9:45 of 1st period - Brad Boyes is hit by Jay Bouwmeester and loses puck.
9:50 of 1st period - Snap shot by R.J. Umberger.
9:50 of 1st period - Stopped by Jonas Gustavsson without a rebound.
9:51 of 1st period - Maxim Talbot wins face-off versus Derick Brassard in Blackhawks zone.
9:56 of 1st period - Slapshot by Jiri Hudler.
9:56 of 1st period - Shot Misses the Net.
10:04 of 1st period - Snap shot by Derick Brassard.
10:04 of 1st period - Stopped by Jonathan Quick without a rebound.
10:05 of 1st period - Rick Nash wins face-off versus Evander Kane in Islanders zone.
10:12 of 1st period - Wrist shot by Chris Kreider.
10:12 of 1st period - Stopped by Jonathan Quick without a rebound.
10:13 of 1st period - Joe Thornton wins face-off versus Derick Brassard in Islanders zone.
10:20 of 1st period - Jay Bouwmeester is hit by Rick Nash and loses puck.
10:25 of 1st period - Snap shot by Derick Brassard.
10:25 of 1st period - Goal by Derick Brassard - Islanders : 0 - Blackhawks : 1.
10:26 of 1st period - Derick Brassard wins face-off versus Joe Thornton in neutral zone.
10:35 of 1st period - Slapshot by Chris Kreider.
10:35 of 1st period - Shot Misses the Net.
10:53 of 1st period - Shea Weber is hit by David Legwand and loses puck.
11:29 of 1st period - Snap shot by Mike Brown.
11:29 of 1st period - Stopped by Jonas Gustavsson with a rebound.
11:31 of 1st period - Slapshot by Ryan Ellis.
11:31 of 1st period - Deflect By Seth Jones.
11:31 of 1st period - Stopped by Jonas Gustavsson without a rebound.
11:32 of 1st period - Derick Brassard wins face-off versus Joe Thornton in Blackhawks zone.
12:07 of 1st period - Slapshot by Tim Connolly.
12:07 of 1st period - Shot Misses the Net.
12:09 of 1st period - Snap shot by John Carlson.
12:09 of 1st period - Stopped by Jonathan Quick with a rebound.
12:11 of 1st period - Slapshot by John Carlson.
12:11 of 1st period - Shot Blocked by Fedor Tyutin.
12:41 of 1st period - Justin Falk is hit by Gabriel Bourque and loses puck.
13:05 of 1st period - Derick Brassard is hit by Tomas Fleischmann and loses puck.
13:12 of 1st period - Snap shot by David Legwand.
13:12 of 1st period - Shot Misses the Net.
13:20 of 1st period - Mike Brown is hit by Derick Brassard and loses puck.
13:39 of 1st period - Snap shot by Maxim Talbot.
13:39 of 1st period - Stopped by Jonas Gustavsson without a rebound.
13:40 of 1st period - Joe Thornton wins face-off versus Cody Hodgson in Blackhawks zone.
14:05 of 1st period - Mike Brown is hit by Derick Brassard and loses puck.
14:20 of 1st period - Mike Brown is hit by John Carlson and loses puck.
14:38 of 1st period - Slapshot by Tim Connolly.
14:38 of 1st period - Deflect By T.J. Fast.
14:38 of 1st period - Shot Hit the Post.
14:38 of 1st period - Puck is out of play.
14:39 of 1st period - Joe Thornton wins face-off versus Cody Hodgson in Islanders zone.
14:49 of 1st period - Icing by Cody Hodgson.
14:50 of 1st period - Joe Thornton wins face-off versus Cody Hodgson in Blackhawks zone.
15:19 of 1st period - Slapshot by Rick Nash.
15:19 of 1st period - Shot Misses the Net.
16:50 of 1st period - Snap shot by Chris Kreider.
16:50 of 1st period - Shot Misses the Net.
16:52 of 1st period - Wrist shot by Chris Kreider.
16:52 of 1st period - Stopped by Jonathan Quick with a rebound.
16:54 of 1st period - Snap shot by Derick Brassard.
16:54 of 1st period - Shot Blocked by Dustin Byfuglien.
17:17 of 1st period - Maxim Talbot is hit by Brad Boyes and loses puck.
17:30 of 1st period - Wrist shot by Adam Pineault.
17:30 of 1st period - Shot Misses the Net.
17:32 of 1st period - Snap shot by Jay Bouwmeester.
17:32 of 1st period - Shot Misses the Net.
17:34 of 1st period - Slapshot by Ryan Ellis.
17:34 of 1st period - Deflect By Seth Jones.
17:34 of 1st period - Stopped by Jonas Gustavsson with a rebound.
17:36 of 1st period - Backhand shot by Jay Bouwmeester.
17:36 of 1st period - Stopped by Jonas Gustavsson without a rebound.
17:37 of 1st period - Joe Thornton wins face-off versus Derick Brassard in Blackhawks zone.
18:04 of 1st period - Derick Brassard is hit by Jay Bouwmeester and loses puck.
19:30 of 1st period - Dougie Hamilton is hit by Ryan Ellis and loses puck.
19:39 of 1st period - Slapshot by Jiri Hudler.
19:39 of 1st period - Shot Misses the Net.
Goals for this period are 0 for Islanders vs 1 for Blackhawks.
Shots for this period are 13 for Islanders vs 7 for Blackhawks.
2nd period
0:01 of 2nd period - Derick Brassard wins face-off versus Joe Thornton in neutral zone.
0:31 of 2nd period - Wrist shot by Tomas Fleischmann.
0:31 of 2nd period - Stopped by Jonas Gustavsson without a rebound.
0:32 of 2nd period - David Legwand wins face-off versus Cody Hodgson in Blackhawks zone.
0:35 of 2nd period - Wrist shot by Tomas Fleischmann.
0:35 of 2nd period - Stopped by Jonas Gustavsson without a rebound.
0:36 of 2nd period - Derick Brassard wins face-off versus David Legwand in Blackhawks zone.
0:36 of 2nd period - Derick Brassard is hit by Tomas Fleischmann.
0:48 of 2nd period - Wrist shot by Derick Brassard.
0:48 of 2nd period - Stopped by Jonathan Quick without a rebound.
0:49 of 2nd period - Derick Brassard wins face-off versus Joe Thornton in Islanders zone.
0:52 of 2nd period - Wrist shot by Derick Brassard.
0:52 of 2nd period - Goal by Derick Brassard - Islanders : 0 - Blackhawks : 2.
0:53 of 2nd period - Joe Thornton wins face-off versus Derick Brassard in neutral zone.
0:55 of 2nd period - Minor Penalty to Joe Thornton for Hooking.
0:56 of 2nd period - Vladimir Tarasenko wins face-off versus Derick Brassard in Islanders zone.
0:56 of 2nd period - Vladimir Tarasenko is hit by Rick Nash.
2:02 of 2nd period - Evander Kane is hit by Cody Hodgson and loses puck.
2:29 of 2nd period - Slapshot by Antoine Roussel.
2:29 of 2nd period - Goal by Antoine Roussel - Islanders : 0 - Blackhawks : 3.
2:30 of 2nd period - David Legwand wins face-off versus Derick Brassard in neutral zone.
3:01 of 2nd period - Slapshot by John Carlson.
3:01 of 2nd period - Shot Blocked by R.J. Umberger.
3:23 of 2nd period - Wrist shot by Gabriel Bourque.
3:23 of 2nd period - Stopped by Jonathan Quick without a rebound.
3:24 of 2nd period - Joe Thornton wins face-off versus Alexander Wennberg in Islanders zone.
3:33 of 2nd period - Wrist shot by Vladimir Tarasenko.
3:33 of 2nd period - Shot Blocked by Matthew Spiller.
3:35 of 2nd period - Snap shot by Vladimir Tarasenko.
3:35 of 2nd period - Stopped by Jonas Gustavsson with a rebound.
3:37 of 2nd period - Snap shot by Vladimir Tarasenko.
3:37 of 2nd period - Deflect By Evander Kane.
3:37 of 2nd period - Shot Misses the Net.
3:37 of 2nd period - Puck is out of play.
3:38 of 2nd period - Derick Brassard wins face-off versus Joe Thornton in Blackhawks zone.
3:51 of 2nd period - Wrist shot by Derick Brassard.
3:51 of 2nd period - Stopped by Jonathan Quick with a rebound.
3:53 of 2nd period - Wrist shot by Rick Nash.
3:53 of 2nd period - Shot Misses the Net.
4:02 of 2nd period - Icing by Fedor Tyutin.
4:03 of 2nd period - Vladimir Tarasenko wins face-off versus Cody Hodgson in Islanders zone.
4:30 of 2nd period - Wrist shot by Derick Brassard.
4:30 of 2nd period - Stopped by Jonathan Quick with a rebound.
4:33 of 2nd period - Icing by Jiri Hudler.
4:34 of 2nd period - Derick Brassard wins face-off versus Jiri Hudler in Islanders zone.
4:43 of 2nd period - Snap shot by Chris Kreider.
4:43 of 2nd period - Deflect By Derick Brassard.
4:43 of 2nd period - Shot Blocked by Maxim Talbot.
4:43 of 2nd period - Puck is out of play.
4:44 of 2nd period - Joe Thornton wins face-off versus Derick Brassard in Islanders zone.
4:59 of 2nd period - Wrist shot by Vladimir Tarasenko.
4:59 of 2nd period - Shot Blocked by Shea Weber.
5:01 of 2nd period - Wrist shot by Joe Thornton.
5:01 of 2nd period - Shot Misses the Net.
5:07 of 2nd period - Minor Penalty to Rick Nash for Roughing.
5:08 of 2nd period - Chris Kreider wins face-off versus Joe Thornton in Blackhawks zone.
6:41 of 2nd period - John Carlson is hit by Fedor Tyutin and loses puck.
7:07 of 2nd period - Penalty to Rick Nash is over, Rick Nash is back on ice.
7:10 of 2nd period - Rick Nash is hit by Tomas Plekanec and loses puck.
7:24 of 2nd period - Minor Penalty to Zac Rinaldo for Roughing.
7:25 of 2nd period - Derick Brassard wins face-off versus Vladimir Tarasenko in Islanders zone.
7:55 of 2nd period - Justin Falk is hit by Antoine Roussel and loses puck.
8:06 of 2nd period - Snap shot by Antoine Roussel.
8:06 of 2nd period - Deflect By Ryan Ellis.
8:06 of 2nd period - Stopped by Jonathan Quick with a rebound.
9:08 of 2nd period - Vladimir Tarasenko is hit by Dougie Hamilton.
9:18 of 2nd period - Rick Nash is hit by Justin Falk.
9:24 of 2nd period - Penalty to Zac Rinaldo is over, Zac Rinaldo is back on ice.
9:40 of 2nd period - Jay Bouwmeester is hit by Garnet Hathaway.
9:52 of 2nd period - Icing by John Carlson.
9:53 of 2nd period - Alexander Wennberg wins face-off versus David Legwand in Blackhawks zone.
10:08 of 2nd period - Backhand shot by Gabriel Bourque.
10:08 of 2nd period - Shot Blocked by T.J. Fast.
11:19 of 2nd period - Icing by Dougie Hamilton.
11:20 of 2nd period - Derick Brassard wins face-off versus Joe Thornton in Blackhawks zone.
11:29 of 2nd period - Slapshot by Dougie Hamilton.
11:29 of 2nd period - Stopped by Jonathan Quick without a rebound.
11:30 of 2nd period - Chris Kreider wins face-off versus Joe Thornton in Islanders zone.
11:40 of 2nd period - Minor Penalty to Rick Nash for Tripping.
11:41 of 2nd period - Joe Thornton wins face-off versus Antoine Roussel in Blackhawks zone.
12:29 of 2nd period - Snap shot by Derick Brassard.
12:29 of 2nd period - Stopped by Jonathan Quick with a rebound.
12:31 of 2nd period - Slapshot by Derick Brassard.
12:31 of 2nd period - Stopped by Jonathan Quick without a rebound.
12:32 of 2nd period - Derick Brassard wins face-off versus Joe Thornton in Islanders zone.
12:42 of 2nd period - Minor Penalty to Joe Thornton for Slashing.
12:43 of 2nd period - Evander Kane wins face-off versus Chris Kreider in Islanders zone.
13:09 of 2nd period - Vladimir Tarasenko is hit by Shea Weber and loses puck.
13:31 of 2nd period - Snap shot by Maxim Talbot.
13:31 of 2nd period - Stopped by Jonas Gustavsson without a rebound.
13:32 of 2nd period - Chris Kreider wins face-off versus Maxim Talbot in Blackhawks zone.
13:40 of 2nd period - Penalty to Rick Nash is over, Rick Nash is back on ice.
14:11 of 2nd period - Slapshot by John Carlson.
14:11 of 2nd period - Shot Blocked by David Legwand.
14:42 of 2nd period - Penalty to Joe Thornton is over, Joe Thornton is back on ice.
14:53 of 2nd period - Slapshot by Adam Pineault.
14:53 of 2nd period - Shot Blocked by Dougie Hamilton.
14:55 of 2nd period - Slapshot by Justin Falk.
14:55 of 2nd period - Shot Blocked by Seth Jones.
14:57 of 2nd period - Slapshot by Justin Falk.
14:57 of 2nd period - Shot Blocked by Dougie Hamilton.
14:59 of 2nd period - Slapshot by Justin Falk.
14:59 of 2nd period - Stopped by Jonas Gustavsson without a rebound.
15:00 of 2nd period - Nathan Horton wins face-off versus Maxim Talbot in Blackhawks zone.
15:00 of 2nd period - Nathan Horton is hit by Jiri Hudler.
15:15 of 2nd period - Off-side.
15:16 of 2nd period - Derick Brassard wins face-off versus Joe Thornton in neutral zone.
15:42 of 2nd period - Shea Weber is hit by David Legwand and loses puck.
15:49 of 2nd period - Slapshot by John Carlson.
15:49 of 2nd period - Deflect By Brad Boyes.
15:49 of 2nd period - Shot Misses the Net.
15:49 of 2nd period - Puck is out of play.
15:50 of 2nd period - Cody Hodgson wins face-off versus David Legwand in Islanders zone.
15:59 of 2nd period - Snap shot by Mike Brown.
15:59 of 2nd period - Shot Blocked by Seth Jones.
16:05 of 2nd period - Slapshot by Dougie Hamilton.
16:05 of 2nd period - Deflect By Antoine Roussel.
16:05 of 2nd period - Shot Misses the Net.
16:05 of 2nd period - Puck is out of play.
16:06 of 2nd period - Derick Brassard wins face-off versus Joe Thornton in Islanders zone.
16:21 of 2nd period - Snap shot by Evander Kane.
16:21 of 2nd period - Stopped by Jonas Gustavsson with a rebound.
16:39 of 2nd period - Wrist shot by Maxim Talbot.
16:39 of 2nd period - Shot Misses the Net.
16:41 of 2nd period - Wrist shot by Maxim Talbot.
16:41 of 2nd period - Stopped by Jonas Gustavsson without a rebound.
16:42 of 2nd period - Joe Thornton wins face-off versus Cody Hodgson in Blackhawks zone.
17:05 of 2nd period - Icing by Dougie Hamilton.
17:06 of 2nd period - David Legwand wins face-off versus Tim Connolly in Blackhawks zone.
17:11 of 2nd period - Wrist shot by Tomas Fleischmann.
17:11 of 2nd period - Stopped by Jonas Gustavsson with a rebound.
17:13 of 2nd period - Wrist shot by Tomas Fleischmann.
17:13 of 2nd period - Stopped by Jonas Gustavsson with a rebound.
17:15 of 2nd period - Wrist shot by David Legwand.
17:15 of 2nd period - Stopped by Jonas Gustavsson without a rebound.
17:16 of 2nd period - Derick Brassard wins face-off versus Joe Thornton in Blackhawks zone.
17:25 of 2nd period - Wrist shot by Chris Kreider.
17:25 of 2nd period - Shot Misses the Net.
17:27 of 2nd period - Minor Penalty to Joe Thornton for Tripping.
17:28 of 2nd period - Vladimir Tarasenko wins face-off versus Derick Brassard in Islanders zone.
18:11 of 2nd period - Snap shot by David Legwand.
18:11 of 2nd period - Deflect By Antoine Roussel.
18:11 of 2nd period - Shot Blocked by Cody Hodgson.
18:11 of 2nd period - Puck is out of play.
18:12 of 2nd period - Vladimir Tarasenko wins face-off versus Derick Brassard in Blackhawks zone.
18:19 of 2nd period - Wrist shot by Evander Kane.
18:19 of 2nd period - Goal by Evander Kane - Islanders : 1 - Blackhawks : 3.
18:20 of 2nd period - Derick Brassard wins face-off versus Vladimir Tarasenko in neutral zone.
18:37 of 2nd period - Slapshot by Chris Kreider.
18:37 of 2nd period - Shot Misses the Net.
19:27 of 2nd period - Penalty to Joe Thornton is over, Joe Thornton is back on ice.
19:53 of 2nd period - Minor Penalty to T.J. Fast for Hooking.
19:54 of 2nd period - Vladimir Tarasenko wins face-off versus Derick Brassard in Islanders zone.
Goals for this period are 1 for Islanders vs 2 for Blackhawks.
Shots for this period are 11 for Islanders vs 10 for Blackhawks.
3rd period
0:01 of 3rd period - Vladimir Tarasenko wins face-off versus Derick Brassard in neutral zone.
0:04 of 3rd period - Chris Kreider is hit by Evander Kane and loses puck.
0:42 of 3rd period - Minor Penalty to Brad Boyes for Hooking.
0:43 of 3rd period - Joe Thornton wins face-off versus Chris Kreider in Blackhawks zone.
0:57 of 3rd period - Wrist shot by Vladimir Tarasenko.
0:57 of 3rd period - Stopped by Jonas Gustavsson with a rebound.
0:59 of 3rd period - Slapshot by Ryan Ellis.
0:59 of 3rd period - Shot Misses the Net.
1:53 of 3rd period - Penalty to T.J. Fast is over, T.J. Fast is back on ice.
2:42 of 3rd period - Penalty to Brad Boyes is over, Brad Boyes is back on ice.
3:51 of 3rd period - Tomas Plekanec is hit by Nick Leddy and loses puck.
4:04 of 3rd period - Dougie Hamilton is hit by Dustin Byfuglien and loses puck.
4:25 of 3rd period - Snap shot by Tim Connolly.
4:25 of 3rd period - Stopped by Jonathan Quick with a rebound.
4:37 of 3rd period - R.J. Umberger is hit by Dougie Hamilton and loses puck.
5:29 of 3rd period - Off-side.
5:30 of 3rd period - Tim Connolly wins face-off versus Maxim Talbot in neutral zone.
5:55 of 3rd period - Joe Thornton is hit by Patrick Marleau and loses puck.
6:06 of 3rd period - Snap shot by Vladimir Tarasenko.
6:06 of 3rd period - Deflect By Evander Kane.
6:06 of 3rd period - Shot Blocked by John Carlson.
6:06 of 3rd period - Puck is out of play.
6:07 of 3rd period - Derick Brassard wins face-off versus David Legwand in Blackhawks zone.
6:07 of 3rd period - Derick Brassard is hit by David Legwand.
6:34 of 3rd period - Evander Kane is hit by Matthew Spiller.
6:40 of 3rd period - Wrist shot by Evander Kane.
6:40 of 3rd period - Shot Misses the Net.
6:42 of 3rd period - Snap shot by Vladimir Tarasenko.
6:42 of 3rd period - Stopped by Jonas Gustavsson without a rebound.
6:43 of 3rd period - Brad Boyes wins face-off versus David Legwand in Blackhawks zone.
7:08 of 3rd period - Icing by David Legwand.
7:09 of 3rd period - Derick Brassard wins face-off versus Vladimir Tarasenko in Islanders zone.
7:45 of 3rd period - Minor Penalty to Fedor Tyutin for Holding Stick.
7:46 of 3rd period - Vladimir Tarasenko wins face-off versus Derick Brassard in Islanders zone.
8:00 of 3rd period - Wrist shot by Derick Brassard.
8:00 of 3rd period - Stopped by Jonathan Quick with a rebound.
8:02 of 3rd period - Slapshot by Derick Brassard.
8:02 of 3rd period - Goal by Derick Brassard - Islanders : 1 - Blackhawks : 4.
8:03 of 3rd period - Joe Thornton wins face-off versus Derick Brassard in neutral zone.
8:17 of 3rd period - Vladimir Tarasenko is hit by John Carlson and loses puck.
8:46 of 3rd period - Minor Penalty to Tomas Fleischmann for Roughing.
8:47 of 3rd period - Vladimir Tarasenko wins face-off versus Derick Brassard in Islanders zone.
8:47 of 3rd period - Vladimir Tarasenko is hit by Chris Kreider.
8:59 of 3rd period - Wrist shot by Chris Kreider.
8:59 of 3rd period - Stopped by Jonathan Quick with a rebound.
9:01 of 3rd period - Wrist shot by John Carlson.
9:01 of 3rd period - Shot Misses the Net.
9:03 of 3rd period - Snap shot by Derick Brassard.
9:03 of 3rd period - Deflect By Chris Kreider.
9:03 of 3rd period - Goal by Chris Kreider - Islanders : 1 - Blackhawks : 5.
9:03 of 3rd period - Julien Ellis enters game.
9:04 of 3rd period - Derick Brassard wins face-off versus Joe Thornton in neutral zone.
9:42 of 3rd period - Snap shot by Antoine Roussel.
9:42 of 3rd period - Stopped by Julien Ellis without a rebound.
9:43 of 3rd period - Joe Thornton wins face-off versus Derick Brassard in Islanders zone.
10:06 of 3rd period - Minor Penalty to Evander Kane for High sticking.
10:07 of 3rd period - Derick Brassard wins face-off versus Vladimir Tarasenko in Islanders zone.
10:08 of 3rd period - Snap shot by Chris Kreider.
10:08 of 3rd period - Stopped by Julien Ellis without a rebound.
10:09 of 3rd period - Rick Nash wins face-off versus Vladimir Tarasenko in Islanders zone.
10:26 of 3rd period - Shea Weber is hit by Vladimir Tarasenko and loses puck.
10:37 of 3rd period - Zac Rinaldo is hit by John Carlson.
10:49 of 3rd period - Slapshot by Antoine Roussel.
10:49 of 3rd period - Shot Blocked by David Legwand.
10:51 of 3rd period - Slapshot by Shea Weber.
10:51 of 3rd period - Deflect By Antoine Roussel.
10:51 of 3rd period - Stopped by Julien Ellis without a rebound.
10:52 of 3rd period - David Legwand wins face-off versus Cody Hodgson in Islanders zone.
11:11 of 3rd period - Slapshot by Dougie Hamilton.
11:11 of 3rd period - Stopped by Julien Ellis with a rebound.
11:13 of 3rd period - Slapshot by Dougie Hamilton.
11:13 of 3rd period - Stopped by Julien Ellis with a rebound.
11:15 of 3rd period - Slapshot by Brad Boyes.
11:15 of 3rd period - Stopped by Julien Ellis without a rebound.
11:16 of 3rd period - Derick Brassard wins face-off versus Vladimir Tarasenko in Islanders zone.
12:06 of 3rd period - Penalty to Evander Kane is over, Evander Kane is back on ice.
12:41 of 3rd period - Jiri Hudler is hit by Gabriel Bourque and loses puck.
13:02 of 3rd period - Minor Penalty to Rick Nash for Hooking.
13:03 of 3rd period - Chris Kreider wins face-off versus David Legwand in Blackhawks zone.
13:12 of 3rd period - Shea Weber is hit by David Legwand and loses puck.
13:17 of 3rd period - Wrist shot by Mike Brown.
13:17 of 3rd period - Stopped by Jonas Gustavsson without a rebound.
13:18 of 3rd period - Chris Kreider wins face-off versus Evander Kane in Blackhawks zone.
13:27 of 3rd period - Snap shot by Ryan Ellis.
13:27 of 3rd period - Stopped by Jonas Gustavsson with a rebound.
13:31 of 3rd period - Wrist shot by Vladimir Tarasenko.
13:31 of 3rd period - Shot Blocked by Antoine Roussel.
14:18 of 3rd period - Dougie Hamilton is hit by T.J. Fast and loses puck.
14:40 of 3rd period - Icing by David Legwand.
14:41 of 3rd period - Derick Brassard wins face-off versus David Legwand in Islanders zone.
14:50 of 3rd period - Snap shot by Mike Brown.
14:50 of 3rd period - Shot Misses the Net.
15:02 of 3rd period - Penalty to Rick Nash is over, Rick Nash is back on ice.
15:26 of 3rd period - Wrist shot by R.J. Umberger.
15:26 of 3rd period - Shot Misses the Net.
15:46 of 3rd period - Snap shot by David Legwand.
15:46 of 3rd period - Shot Misses the Net.
16:22 of 3rd period - Fedor Tyutin is hit by Gabriel Bourque and loses puck.
17:09 of 3rd period - Snap shot by Mike Brown.
17:09 of 3rd period - Shot Misses the Net.
17:58 of 3rd period - Wrist shot by Zac Rinaldo.
17:58 of 3rd period - Stopped by Jonas Gustavsson without a rebound.
17:59 of 3rd period - Cody Hodgson wins face-off versus Tomas Plekanec in Blackhawks zone.
18:38 of 3rd period - Wrist shot by Tim Connolly.
18:38 of 3rd period - Deflect By Patrick Marleau.
18:38 of 3rd period - Stopped by Julien Ellis without a rebound.
18:39 of 3rd period - Tim Connolly wins face-off versus Joe Thornton in Islanders zone.
18:50 of 3rd period - Snap shot by Tim Connolly.
18:50 of 3rd period - Stopped by Julien Ellis with a rebound.
19:48 of 3rd period - T.J. Fast is hit by Gabriel Bourque and loses puck.
Goals for this period are 0 for Islanders vs 2 for Blackhawks.
Shots for this period are 5 for Islanders vs 13 for Blackhawks.